 Dungeon Crawl Stone Soup version 0.26.0-20-g3ca415f5b8 (webtiles) character file.

Game seed: 6386888733697590779

92 thiole the Sneak (level 4, -2/40 HPs)
             Began as an Octopode Hedge Wizard on Jan 25, 2021.
             Slain by a worm (4 damage)
             ... on level 2 of the Dungeon.
             The game lasted 00:03:13 (2631 turns).

thiole the Sneak (Octopode Hedge Wizard)            Turns: 2631, Time: 00:03:14

Health: -2/40      AC: 22    Str:  9    XL:     4   Next: 60%
Magic:  2/9        EV:  2    Int: 17    God:
Gold:   28         SH:  0    Dex: 11    Spells: 9/10 levels left

rFire    . . .     SeeInvis .   a - +0 dagger
rCold    . . .     Faith    .   (no shield)
rNeg     + + +     Spirit   .   (helmet currently unavailable)
rPois    +         Reflect  .   (no amulet)
rElec    .         Harm     .   (no ring)
rCorr    .         Rampage  .   (no ring)
Will     .....     NoTele   +   (no ring)
Stlth    ++........             (no ring)
HPRegen  0.13/turn              (no ring)
MPRegen  0.11/turn              (no ring)
                                (no ring)
                                (no ring)

@: brilliant, tree-form
A: almost no armour, stealthy swim, (amphibious), 8 rings, (constrict 8)
a: no special abilities


You were on level 2 of the Dungeon.
You were a tree.
You visited 1 branch of the dungeon, and saw 3 of its levels.

You collected 28 gold pieces.

Inventory:

Hand Weapons
 a - a +0 dagger (weapon)
Missiles
 j - 68 stones (quivered)
Armour
 b - a +0 hat (melded)
Scrolls
 d - 3 scrolls of teleportation {unknown}
 e - a scroll of blinking {unknown}
 f - a scroll of enchant weapon {unknown}
 g - a scroll of remove curse {unknown}
 i - a scroll of identify {unknown}
Potions
 c - a potion of brilliance
 h - a potion of lignification


   Skills:
 - Level 2.0 Dodging
 + Level 4.2 Stealth
 + Level 3.7 Spellcasting
 - Level 2.0 Conjurations
 - Level 2.0 Summonings
 - Level 1.0 Translocations


You had 9 spell levels left.
You knew the following spells:

 Your Spells              Type           Power        Failure   Level
a - Magic Dart            Conj           56%          7%          1

Your spell library contained the following spells:

 Spells                   Type           Power        Failure   Level
 Call Imp                 Summ           14%          11%         2
 Blink                    Tloc           N/A          16%         2
 Slow                     Hex            4%           24%         2
 Conjure Flame            Conj/Fire      9%           32%         3
 Mephitic Cloud           Conj/Pois/Air  8%           36%         3


Dungeon Overview and Level Annotations

Branches:
Dungeon (3/15)

Altars:


Innate Abilities, Weirdness & Mutations

You cannot wear most types of armour.
You are very stealthy in the water. (Stealth+)
((You are amphibious.))
You can wear up to eight rings at the same time.
((You can use your tentacles to constrict eight enemies at once.))
((Your skin changes colour to match your surroundings (Stealth+).))
((Your rubbery body absorbs attacks. (AC +1, EV +1)))


Message History

Aim: a worm You throw a stone.
The stone completely misses the worm.
The stone hits the goblin but does no damage.
You barely miss the worm. The worm bites you but does no damage.
You hit the worm but do no damage. The worm bites you but does no damage.
You hit the worm.
The worm is lightly wounded.
You hit the worm but do no damage.
The worm is lightly wounded.
The worm bites you.
* * * LOW HITPOINT WARNING * * *
You hit the worm but do no damage.
The worm is lightly wounded.
You barely miss the worm.
The worm is lightly wounded.
The worm bites you but does no damage.
You hit the worm.
The worm is lightly wounded.
The worm bites you.
You die...

#.# ###......#
#.######........#
#..<.....#.###..#
##########.# ##.#
#.# #.# #.# #)#
#.# #)# #.# #)#
#.# #♣# #.# #w#
#g# # ###†##.# #
#..(...#
#.##.#(#..#
#.........#
#=.#..(...#
#.g#...<.##


You could see a worm and a goblin.

Vanquished Creatures
  Robin (D:2)
  An adder (D:2)
  4 oozes
  A worm (D:2)
  A dart slug (D:1)
  2 leopard geckos
  6 bats
  4 giant cockroaches
  11 goblins
  6 hobgoblins
  2 kobolds (D:1)
  A frilled lizard (D:2)
  6 rats (D:1)
46 creatures vanquished.

Notes
Turn   | Place    | Note
-------+----------+-------------------------------------------
     0 | D:1      | thiole the Octopode Hedge Wizard began the quest for the
                  | Orb.
     0 | D:1      | Reached XP level 1. HP: 11/11 MP: 4/4
   309 | D:1      | Reached skill level 3 in Stealth
   309 | D:1      | Reached XP level 2. HP: 17/17 MP: 0/6
   753 | D:1      | Reached XP level 3. HP: 21/21 MP: 2/7
  2218 | D:2      | Reached XP level 4. HP: 27/27 MP: 9/9
  2560 | D:2      | Noticed Robin
  2567 | D:2      | Reached skill level 4 in Stealth
  2579 | D:2      | Killed Robin
  2628 | D:2      | HP: 1/40 [worm (5)]
  2631 | D:2      | Slain by a worm

Illustrated notes

Levels and vault maps discovered:
D:1:      dpeg_arrival_prison, layout_basic, serial_forest,
          infiniplex_forest_lined_1, infiniplex_forest_lined_ring,
          infiniplex_forest_lined_room_, infiniplex_forest_join,
          infiniplex_forest_straight_2, infiniplex_forest_clump_long,
          infiniplex_forest_lined_room_2, infiniplex_forest_end_3,
          roderic_nine_men_s_morris, minmay_fountain_box, minmay_surrounded
D:2:      layout_loops_ring, nicolae_overflow_hidden_temple,
          nicolae_ru_path_of_blood, minmay_misc_feat_doors,
          grunt_decor_resistance, uniq_robin
D:3:      layout_basic, vehumet_crystals, lemuel_round_altar, uniq_natasha

Skill      XL: |  1  2  3  4 |
---------------+-------------+-----
Stealth        | 3 4 |  4.2
Conjurations   | 2 |  2.0
Summonings     | 2 |  2.0
Dodging        | |  2.0
Spellcasting   | |  3.7
Translocations | |  1.0

Action                   |  1- 3 |  4- 6 || total
-------------------------+-------+-------++-------
Melee: Dagger            |    39 |    31 ||    70
       Constrict         |    10 |     6 ||    16
       Tentacles         |     9 |     4 ||    13
Throw: Stone             |    25 |     6 ||    31
 Cast: Magic Dart        |    81 |    29 ||   110
  Use: Potion            |       |     2 ||     2
Armor: Skin              |       |     5 ||     5
Dodge: Dodged            |    28 |    15 ||    43
